 Dungeon Crawl Stone Soup version 0.23.1 (webtiles) character file.

Game seed: 11558817886100987703

319 Kairos the Chopper (level 6, 0/32 HPs)
             Began as a Vine Stalker Fighter on Mar 6, 2019.
             Slain by a hippogriff (5 damage)
             ... on level 4 of the Dungeon.
             The game lasted 00:03:13 (2837 turns).

Kairos the Chopper (Vine Stalker Fighter)           Turns: 2837, Time: 00:03:14

Health: 0/32       AC:  6    Str: 21    XL:     6   Next: 46%
Magic:  0/7        EV:  8    Int:  8    God:
Gold:   279        SH:  9    Dex: 13    Spells: 5/5 levels left

rFire    . . .     SeeInvis .   p - +0 hand axe (flame)
rCold    . . .     Gourm    .   c - +0 shield
rNeg     . . .     Faith    .   b - +0 scale mail
rPois    .         Spirit   +   (no helmet)
rElec    .         Reflect  .   (no cloak)
rCorr    .         Harm     .   (no gloves)
MR       .....                  (no boots)
Stlth    ..........             (no amulet)
HPRegen  0.50/turn              (no ring)
MPRegen  0.10/turn              (no ring)

@: no status effects
A: fangs 2, regeneration 1, magic shield, antimagic bite, no potion heal 3, rot
immunity
a: no special abilities


You were on level 4 of the Dungeon.
You were not hungry.

You visited 1 branch of the dungeon, and saw 4 of its levels.

You collected 279 gold pieces.

Inventory:

Hand Weapons
 a - a +0 war axe
 p - a +0 hand axe of flaming (weapon)
Missiles
 h - 4 silver tomahawks (quivered)
Armour
 b - a +0 scale mail (worn)
 c - a +0 shield (worn)
Wands
 i - a wand of random effects (20)
Scrolls
 g - 2 scrolls of blinking
 l - 2 scrolls of fog
 n - a scroll of remove curse {unknown}
 r - a scroll of fear {unknown}
 s - a scroll of identify
Potions
 d - a potion of might
 e - a potion of magic
 j - a potion of resistance
 k - a potion of berserk rage
 m - a potion of heal wounds {unknown}
 o - a potion of flight {unknown}
Comestibles
 f - 3 rations


   Skills:
 + Level 3.5 Fighting
 + Level 3.9 Axes
 + Level 3.2 Armour
 + Level 1.4 Dodging
 + Level 0.6 Stealth
 + Level 3.5 Shields


You had 5 spell levels left.
You didn't know any spells.
Your spell library contained the following spells:

 Spells                   Type           Power        Failure   Level  Hunger
 Magic Dart               Conj           #...         99%         1    ##.....
 Blink                    Tloc           N/A          100%        2    ###....
 Call Imp                 Summ           #.......     100%        2    ###....
 Searing Ray              Conj           #.....       100%        2    ###....
 Slow                     Hex            #.......     100%        2    ###....
 Conjure Flame            Conj/Fire      #.......     100%        3    ####...
 Dazzling Spray           Conj/Hex       #.....       100%        3    ####...
 Mephitic Cloud           Conj/Pois/Air  #.......     100%        3    ####...
 Force Lance              Conj/Tloc      #.......     100%        4    #####..
 Fulminant Prism          Conj/Hex       #.........   100%        4    #####..
 Iskenderun's Mystic Bla  Conj           #.......     100%        4    #####..


Dungeon Overview and Level Annotations

Branches:
Dungeon (4/15)
 Temple: D:4-7

Altars:
Makhleb
Xom


Innate Abilities, Weirdness & Mutations

You have extremely sharp teeth.
Your natural rate of healing is unusually fast.
When hurt, damage is shared between your health and your magic reserves.
Your bite disrupts and absorbs the magic of your enemies.
Potions cannot restore your health.
You are immune to rotting.


Message History

You hit the hippogriff but do no damage.
You bite the hippogriff. You drain its power.
You feel invigorated.
The hippogriff is heavily wounded.
You block the hippogriff's attack. The hippogriff pecks you.
The hippogriff claws you.
You hit the hippogriff. You burn the hippogriff. You bite the hippogriff.
You drain its power.
You feel invigorated.
The hippogriff is severely wounded.
The hippogriff bites you!
* * * LOW HITPOINT WARNING * * *
The hippogriff pecks you.
* * * LOW HITPOINT WARNING * * *
The hippogriff claws you but does no damage.
You slash the hippogriff! You burn the hippogriff.
Your bite misses the hippogriff.
The hippogriff is almost dead.
The hippogriff bites you but does no damage.
The hippogriff pecks you but does no damage.
The hippogriff barely misses you. The hippogriff bites you.
You die...

##.....#.# ##.#.#.#.#
##.#...#.# .#.#.#.#.#
.#.#.#.#.# .#.......#
.###.##### .....#
############# ######
......H@....######
###########......# ######.#
#. #.# #.# #.# #.# #####.###
######.### ########.......#
.........# #.....##.###...#
....##.#.#####.....##.#####†#


You could see a hippogriff.

Vanquished Creatures
  An ogre (D:4)
  Ijyb (D:3)
  Terence (D:3)
  A worker ant (D:4)
  An orc wizard (D:4)
  4 adders
  3 oozes
  2 worms (D:2)
  A dart slug (D:4)
  2 leopard geckos (D:3)
  8 orcs
  8 bats
  3 giant cockroaches
  6 goblins
  8 hobgoblins
  4 jackals (D:2)
  A quokka (D:2)
  3 ball pythons
  8 frilled lizards
  4 kobolds
  7 rats
77 creatures vanquished.

Notes
Turn   | Place    | Note
-------+----------+-------------------------------------------
     0 | D:1      | Kairos the Vine Stalker Fighter began the quest for the
                  | Orb.
     0 | D:1      | Reached XP level 1. HP: 11/11 MP: 2/2
    68 | D:1      | Reached XP level 2. HP: 8/16 MP: 1/3
   471 | D:1      | Reached XP level 3. HP: 20/20 MP: 4/4
  1006 | D:2      | Gained mutation: Your natural rate of healing is unusually
                  | fast. [Vine Stalker growth]
  1006 | D:2      | Reached XP level 4. HP: 14/24 MP: 5/5
  1710 | D:3      | Noticed Terence
  1719 | D:3      | Killed Terence
  1795 | D:3      | Found a burning altar of Makhleb.
  1840 | D:3      | Found a shimmering altar of Xom.
  1854 | D:3      | Reached XP level 5. HP: 24/28 MP: 6/6
  1884 | D:3      | Noticed Ijyb
  1905 | D:3      | Killed Ijyb
  1905 | D:3      | Reached skill level 1 in Dodging
  2730 | D:4      | Reached XP level 6. HP: 32/32 MP: 7/7
  2825 | D:4      | Noticed a hippogriff
  2837 | D:4      | Slain by a hippogriff

Skill      XL: |  1  2  3  4  5 |
---------------+----------------+-----
Axes           | 2 3 |  3.9
Shields        | 3 |  3.5
Fighting       | 3 |  3.5
Armour         | 3 |  3.2
Dodging        | 1 |  1.4
Stealth        | |  0.6

Action                   |  1- 3 |  4- 6 || total
-------------------------+-------+-------++-------
Melee: War axe           |    93 |    91 ||   184
       Bite              |    13 |    39 ||    52
       Hand axe          |       |    38 ||    38
  Use: Scroll            |     1 |     7 ||     8
       Potion            |       |     1 ||     1
  Eat: Chunk             |       |     3 ||     3
       Ration            |       |     1 ||     1
Armor: Scale mail        |    43 |    47 ||    90
Dodge: Dodged            |    25 |    39 ||    64
Block: Shield            |    34 |    70 ||   104
